 Dungeon Crawl Stone Soup version 0.29-a0-717-g6dac4ea423 (webtiles) character file.

Game seed: 1907196406622246260

55 zeratav the Shooter (level 3, -3/17 HPs)
             Began as a Spriggan Arcane Marksman on June 27, 2022.
             Killed from afar by Sigmund (5 damage)
             ... with a puff of flame
             ... on level 3 of the Dungeon.
             The game lasted 00:02:41 (1733 turns).

zeratav the Shooter (Spriggan Arcane Marksman)      Turns: 1733, Time: 00:02:42

Health: -3/17      AC:  2    Str:  6    XL:     3   Next: 67%
Magic:  6/6        EV: 17    Int: 14    God:
Gold:   45         SH:  5    Dex: 17    Spells: 3/4 levels left

rFire   . . .      SeeInvis +   a - +0 sling
rCold   . . .      Faith    .   (no shield)
rNeg    . . .      Spirit   .   c - +0 robe
rPois   .          Reflect  +   (helmet restricted)
rElec   .          Harm     .   (no cloak)
rCorr   .          Rampage  .   (gloves unavailable)
Will    .....                   (boots unavailable)
Stlth   ++........              d - amulet of reflection
HPRegen 0.05/turn               (no ring)
MPRegen 0.10/turn               (no ring)

@: very quick
A: very small, no large weapons, unfitting armour, see invisible, speed 3,
screaming 1
a: no special abilities


You were on level 3 of the Dungeon.
You visited 1 branch of the dungeon, and saw 4 of its levels.

You collected 45 gold pieces.


Innate Abilities, Weirdness & Mutations

You are very small and have problems with some larger weapons.
You are too small for most types of armour.
You have supernaturally acute eyesight. (SInv)
You cover ground extremely quickly. (Speed+++)
You occasionally shout uncontrollably at your foes.


   Skills:
 - Level 0.7 Fighting
 + Level 5.0 Ranged Weapons
 - Level 2.6 Dodging
 - Level 1.3 Spellcasting
 - Level 3.6 Hexes


You had 3 spell levels left.
You knew the following spells:

 Your Spells              Type           Power      Damage    Failure   Level
a - Slow                  Hex            44%        N/A       6%          1

Your spell library contained the following spells:

 Spells                   Type           Power      Damage    Failure   Level
 Inner Flame              Hex/Fire       6%         N/A       36%         3
 Portal Projectile        Hex/Tloc       12%        N/A       36%         3
 Summon Guardian Golem    Hex/Summ       6%         N/A       36%         3
 Cause Fear               Hex            5%         N/A       50%         4
 Orb of Destruction       Conj           0%         9d5       100%        7
 Spellforged Servitor     Conj/Summ      0%         N/A       100%        7

Inventory:

Hand Weapons
 a - a +0 sling (weapon)
 h - a +1 short sword of venom {short}
   (You took it off a kobold on level 2 of the Dungeon)
Armour
 c - a +0 robe (worn)
Jewellery
 d - an amulet of reflection (around neck)
   (You found it on level 1 of the Dungeon)
 f - a ring of magical power
   (You found it on level 2 of the Dungeon)
Scrolls
 b - a scroll of vulnerability {!r!r}
 e - a scroll of enchant weapon {unknown}
 g - 2 scrolls of identify {unknown}
 j - a scroll of poison {unknown}

Dungeon Overview and Level Annotations

Branches:
Dungeon (4/15) Zot: 22661
 Temple: D:4-7

Altars:

Annotations:
D:3 Sigmund

##### ##...###############
#..................
##..#>............##
................@..#######
..........................
.##.............@.........
...................#######
.#..................#
..................#...)#
...........#...!.#######
#........#####.###
..#.#...... ..#


You could see Sigmund.


Message History

You kill the bat!
No target in view!
No target in view!
A hobgoblin comes into view.
You shoot a sling bullet. The sling bullet hits the hobgoblin.
You shoot a sling bullet.
The sling bullet closely misses the hobgoblin.
You shoot a sling bullet. The sling bullet hits the hobgoblin.
You shoot a sling bullet. The sling bullet hits the hobgoblin.
You kill the hobgoblin!
No target in view!
No target in view!
No target in view!
Sigmund the Dreaded comes into view.
He is wielding a +0 scythe.
Sigmund shouts!
You hear a shout!
A kobold comes into view.
It is wielding a +0 dagger and quivering poisoned darts.
Sigmund moves out of view.
You shoot a sling bullet. The sling bullet hits the kobold!
You kill the kobold!
Your Ranged Weapons skill increases to level 5!
You shoot a sling bullet. The sling bullet hits Sigmund!
Sigmund casts a spell at you. The puff of flame hits you!
HP[-7]
You take 7 damage, and now have 10/17 hp.
MASSIVE DAMAGE!! (PAUSE)
You are too injured to fight recklessly!
You are too injured to fight recklessly!
Fire: a) +0 sling
Press: ? - help, Q - select action, (/) - cycle Shift-Dir - straight line, f/p - Sigmund
Aim: Sigmund, wielding a +0 scythe and wearing a +0 robe (moderately wounded, 55% to hit)
You shoot a sling bullet. The sling bullet barely misses Sigmund.
Sigmund mumbles some strange words.
Sigmund flickers and vanishes for a moment.
Fire: a) +0 sling
Press: ? - help, Q - select action, (/) - cycle Shift-Dir - straight line, f/p - Sigmund
Aim: Sigmund, wielding a +0 scythe and wearing a +0 robe (moderately wounded, slightly transparent, 55% to hit)
You shoot a sling bullet. The sling bullet hits Sigmund.
Sigmund points at you and mumbles some strange words.
You are confused.
Non-targeted confused fire: a) +0 sling
Press: ? - help, Q - select action, (/) - cycle Dir - look around, f - activate You shoot a sling bullet.
Non-targeted confused fire: a) +0 sling
Press: ? - help, Q - select action, (/) - cycle Dir - look around, f - activate You shoot a sling bullet.
Sigmund gestures at you while chanting.
You are more confused.
Non-targeted confused fire: a) +0 sling
Press: ? - help, Q - select action, (/) - cycle Dir - look around, f - activate You shoot a sling bullet.
Sigmund gestures at you while chanting. The magic dart hits you.
* * * LOW HITPOINT WARNING * * *
HP[-4]
You take 4 damage, and now have 6/17 hp.
MASSIVE DAMAGE!! (PAUSE) Non-targeted confused fire: a) +0 sling
Press: ? - help, Q - select action, (/) - cycle Dir - look around, f - activate You shoot a sling bullet.
Sigmund completely misses you. HP[+1] Sigmund completely misses you.
You barely miss Sigmund.
You feel less confused. Sigmund casts a spell at you. The magic dart hits you.
* * * LOW HITPOINT WARNING * * *
HP[-5]
You take 5 damage, and now have 2/17 hp.
MASSIVE DAMAGE!! (PAUSE) Sigmund barely misses you.
Sigmund flickers, as though insubstantial.
Fire: a) +0 sling
Press: ? - help, Q - select action, (/) - cycle Shift-Dir - straight line, f - Sigmund
Aim: Sigmund, wielding a +0 scythe and wearing a +0 robe (moderately wounded, slightly transparent, 55% to hit)
You shoot a sling bullet.
The sling bullet completely misses Sigmund.
Fire: a) +0 sling
Press: ? - help, Q - select action, (/) - cycle Shift-Dir - straight line, f/p - Sigmund
Aim: Sigmund, wielding a +0 scythe and wearing a +0 robe (moderately wounded, 55% to hit)
You shoot a sling bullet.
The sling bullet hits Sigmund but does no damage.
Fire: a) +0 sling
Press: ? - help, Q - select action, (/) - cycle Shift-Dir - straight line, f/p - Sigmund
Aim: Sigmund, wielding a +0 scythe and wearing a +0 robe (moderately wounded, 55% to hit)
You shoot a sling bullet. The sling bullet barely misses Sigmund.
Fire: a) +0 sling
Press: ? - help, Q - select action, (/) - cycle Shift-Dir - straight line, f/p - Sigmund
Aim: Sigmund, wielding a +0 scythe and wearing a +0 robe (moderately wounded, 55% to hit)
You shoot a sling bullet. The sling bullet hits Sigmund.
Sigmund looks at you with fury.
Fire: a) +0 sling
Press: ? - help, Q - select action, (/) - cycle Shift-Dir - straight line, f/p - Sigmund
Aim: Sigmund, wielding a +0 scythe and wearing a +0 robe (moderately wounded, 55% to hit)
You shoot a sling bullet.
The sling bullet closely misses Sigmund.
Sigmund points at you and mumbles some strange words.
The puff of flame hits you.
You die...

Skill      XL: |  1  2  3 |
---------------+----------+-----
Ranged Weapons | 3 4 5 |  5.0
Fighting       | |  0.7
Dodging        | |  2.6
Spellcasting   | |  1.3
Hexes          | |  3.6

Action                   || total
-------------------------++-------
Melee: Sling             ||     1
 Fire: Sling             ||   135
 Cast: Slow              ||     1
  Use: Potion            ||     3
Armor: Robe              ||     1
Dodge: Dodged            ||    31
Block: Other             ||     1

Levels and vault maps discovered:
D:1:      dpeg_arrival_circle_labyrinth_c, layout_basic
D:2:      layout_basic
D:3:      layout_rooms, jmf_multi_god_temple2, ebering_ghost_sewer_f,
          ebering_ecumenical_altar_box, minmay_cut_off, uniq_sigmund
D:4:      layout_loops_cross, lemuel_round_altar, temple_hall,
          minmay_misc_feat_encased, hangedman_glass_teeth

Notes
Turn   | Place    | Note
-------+----------+-------------------------------------------
     0 | D:1      | zeratav the Spriggan Arcane Marksman began the quest for
                  | the Orb.
     0 | D:1      | Reached XP level 1. HP: 9/9 MP: 3/3
     0 | D:1      | magus.rc [v1.9.6]
   287 | D:1      | Reached skill level 3 in Ranged Weapons
   335 | D:1      | You pick up a book of Dangerous Friends and begin
                  | reading...
   335 | D:1      | You add the spells Summon Guardian Golem, Orb of
                  | Destruction and Spellforged Servitor to your library.
   363 | D:1      | Reached XP level 2. HP: 14/14 MP: 5/5
   760 | D:1      | Reached skill level 4 in Ranged Weapons
   883 | D:1      | Reached XP level 3. HP: 17/17 MP: 6/6
  1328 | D:2      | Gained mutation: You occasionally shout uncontrollably at
                  | your foes. [potion of mutation]
  1329 | D:2      | HP: 4/17 [poisoned by a kobold]
  1664 | D:2      | You fall into a shaft and drop 2 floors!
  1686 | D:3      | Noticed Sigmund
  1688 | D:3      | Reached skill level 5 in Ranged Weapons
  1711 | D:3      | HP: 2/17 [Sigmund/magic dart (5)]
  1733 | D:3      | Killed from afar by Sigmund

Vanquished Creatures
  A worm (D:2)
  A dart slug (D:2)
  2 bats
  6 endoplasms
  3 giant cockroaches (D:1)
  5 goblins (D:1)
  5 hobgoblins
  3 jackals (D:2)
  7 kobolds
  2 quokkas (D:1)
  3 ball pythons (D:1)
  A frilled lizard (D:1)
  A rat (D:1)
40 creatures vanquished.

Table legend:
 A = Non-vault XP
 B = Vault XP
 C = Vault XP percentage of total XP
 D = Non-vault monster count
 E = Vault monster count
 F = Vault count percentage of total count
                 A         B        C        D         E       F
            +---------+---------+-------+---------+---------+-------
      Total |      79 |       0 |   0.0 |      40 |       0 |   0.0
            +---------+---------+-------+---------+---------+-------
        D:1 |      49 |       0 |   0.0 |      27 |       0 |   0.0
        D:2 |      24 |       0 |   0.0 |      10 |       0 |   0.0
        D:3 |       6 |       0 |   0.0 |       3 |       0 |   0.0
            +---------+---------+-------+---------+---------+-------

Illustrated notes

Table legend:
 A = Kills in this place as a percentage of kills in entire the game.
 B = Kills by you in this place as a percentage of kills by you in the entire game.
 C = Kills by friends in this place as a percentage of kills by friends in the entire game.
 D = Other kills in this place as a percentage of other kills in the entire game.
 E = Experience gained in this place as a percentage of experience gained in the entire game.
 F = Experience gained in this place divided by the number of levels of this place that you have seen.
                   A       B       C       D       E      F
               +-------+-------+-------+-------+-------+----------------------
         Total | 100.0 | 100.0 |   N/A |   N/A | 100.0 |  19.8
       Dungeon | 100.0 | 100.0 |   N/A |   N/A | 100.0 |  19.8
               +-------+-------+-------+-------+-------+----------------------

Table legend: (Time is in decaauts)
 A = Elapsed time spent in this place.
 B = Non-inter-level travel time spent in this place.
 C = Inter-level travel time spent in this place.
 D = Time resting spent in this place.
 E = Time spent auto-exploring this place.
 F = Levels seen in this place.
 G = Mean time per level.
                   A        B        C        D        E       F      G
               +--------+--------+--------+--------+--------+-----+--------+
         Total |   1337 |   1290 |     47 |      0 |   1044 |   4 |  334.2 |
       Dungeon |   1337 |   1290 |     47 |      0 |   1044 |   4 |  334.2 |
               +--------+--------+--------+--------+--------+-----+--------+

Top non-repeatable levels by time:
     D:1: 974 daAuts
     D:2: 309 daAuts
     D:3: 49 daAuts
     D:4: 3 daAuts
